 Dungeon Crawl Stone Soup version 0.31-a0-188-g5e087ee2ca (webtiles) character file.

Game seed: 10990054248331632969

79 qw the Shooter (level 4, -3/25 HPs)
             Began as a Deep Elf Hunter on June 23, 2023.
             Killed from afar by Ijyb (8 damage)
             ... with a puff of flame
             ... on level 2 of the Dungeon.
             The game lasted 00:00:35 (1006 turns).

qw the Shooter (Deep Elf Hunter)                    Turns: 1006, Time: 00:00:36

Health: -3/25      AC:  5    Str: 10    XL:     4   Next: 17%
Magic:  6/6        EV: 11    Int: 14    God:
Gold:   106        SH:  0    Dex: 18    Spells: 3/3 levels left

rFire   . . .        Y - +1 shortbow (flame)
rCold   . . .        (shield currently unavailable)
rNeg    . . .        f - +0 ring mail
rPois   .            (no helmet)
rElec   .            (no cloak)
rCorr   .            (no gloves)
SInv    .            (no boots)
Will    .....        (no amulet)
Stlth   +            (no ring)
HPRegen 0.24/turn    (no ring)
MPRegen 0.10/turn

%: no passive effects
@: no status effects
A: no striking features
a: no special abilities


You were on level 2 of the Dungeon.
You visited 1 branch of the dungeon, and saw 3 of its levels.

You collected 106 gold pieces.


   Skills:
 - Level 1.5 Fighting
 + Level 7.6 Ranged Weapons
 - Level 2.4 Dodging
 - Level 1.2 Stealth


You had 3 spell levels left.
You didn't know any spells.
Your spell library was empty.

Inventory:

Hand Weapons
 Y - a +1 shortbow of flaming (weapon)
Armour
 f - a +0 ring mail (worn)
Scrolls
 c - a scroll of identify
Potions
 b - a potion of cancellation
 e - a potion of curing

Dungeon Overview and Level Annotations

Branches:
Dungeon (3/15)

Altars:

Annotations:
D:2 Ijyb


Message History

Enter note:
Enter note:
Enter note:
Enter note: You start resting.
HP restored.
Done exploring.
(D) Dungeon
Where to? (* - list waypoints, Enter - D:3, ? - help)
What level of the Dungeon? (default 1, ? - help)
You climb downwards.
Level annotation: Ijyb
There is a stone staircase leading up here.
Ijyb is nearby!
You shoot an arrow. The arrow hits Ijyb but does no damage.
You shoot an arrow. The arrow closely misses Ijyb.
You shoot an arrow. The arrow hits Ijyb.
The arrow burns Ijyb.
Ijyb is lightly wounded.
Ijyb screams, "Me stronger than you!" Ijyb hits you with a +0 club.
999 ||| STAIRDANCE Ijyb hits you with a +0 club.
You climb upwards.
There is a stone staircase leading down here.
You shoot an arrow. The arrow closely misses Ijyb.
Ijyb barely misses you.
Ijyb screams, "No!
No, no, no, no!"
Ijyb hits you with a +0 club.
You shoot an arrow. The arrow hits Ijyb.
The arrow burns Ijyb.
Ijyb is moderately wounded.
Ijyb zaps a wand.
The puff of flame misses you.
You shoot an arrow. The arrow barely misses Ijyb.
Ijyb hits you but does no damage.
You shoot an arrow. The arrow closely misses Ijyb.
Ijyb zaps a wand.
The puff of flame hits you.
You shoot an arrow. The arrow closely misses Ijyb.
Ijyb zaps a wand.
The puff of flame hits you!
You shoot an arrow. The arrow completely misses Ijyb.
Ijyb zaps a wand.
The puff of flame hits you!
You die...

#.............##...
########.............#...
#.....##.........##......
#.....##.............#...
#.....##...<....####....%
#.....##%....:..# #.#...
#.....##........####.##..
###.#..g..........##.###.
###.###.@.......#.##.####
#.......####......#.....#
#########..........#.............
................##...............
................###..............
................# #..............
................# #..........<.%.
................# #..............
................####.............


You could see Ijyb.

Vanquished Creatures
  2 adders (D:2)
  A gnoll (D:2)
  2 worms
  10 ball pythons
  5 endoplasms
  A giant cockroach (D:1)
  2 goblins (D:1)
  3 hobgoblins
  2 kobolds (D:2)
  3 quokkas
  3 bats
  3 frilled lizards
  8 rats
45 creatures vanquished.

Notes
Turn   | Place    | Note
-------+----------+-------------------------------------------
     0 | D:1      | qw the Deep Elf Hunter began the quest for the Orb.
     0 | D:1      | Reached XP level 1. HP: 12/12 MP: 3/3
     0 | D:1      | 0 ||| qw: Version: 0.3-a-9-g12657ce
     0 | D:1      | 0 ||| qw: Game counter: 4246
     0 | D:1      | 0 ||| qw: Always use a shield: true
     0 | D:1      | 0 ||| qw: God list: Okawaru
     0 | D:1      | 0 ||| qw: Allow faded altars: false
     0 | D:1      | 0 ||| qw: Do Orc after D:15 true
     0 | D:1      | 0 ||| qw: Do second Lair branch before Depths: true
     0 | D:1      | 0 ||| qw: Lair rune preference: random
     0 | D:1      | 0 ||| qw: Plans: Normal
     0 | D:1      | 0 ||| PLANNING D:1-11
   133 | D:1      | Reached XP level 2. HP: 16/16 MP: 4/4
   150 | D:1      | Reached skill level 6 in Ranged Weapons
   347 | D:1      | 347 ||| UPGRADING to +0 ring mail.
   357 | D:1      | 357 ||| DROPPING +0 leather armour.
   358 | D:1      | 358 ||| READING scroll labelled RIORRE GEXEWO.
   359 | D:1      | 359 ||| READING scroll labelled SYKKIM QADUTEUSM.
   360 | D:1      | 360 ||| DROPPING scroll of butterflies.
   392 | D:2      | 392 ||| STAIRDANCE
   454 | D:2      | Found a faded altar of an unknown god.
   466 | D:2      | Reached XP level 3. HP: 20/20 MP: 5/5
   815 | D:2      | Reached skill level 7 in Ranged Weapons
   836 | D:2      | Reached XP level 4. HP: 25/25 MP: 6/6
   953 | D:2      | 953 ||| READING 5 scrolls labelled BAESYKKUUR.
   954 | D:2      | 954 ||| READING scroll labelled VIEROE QAEMN.
   955 | D:2      | 955 ||| READING scroll labelled OPRADGHI PYIW.
   956 | D:2      | 956 ||| READING scroll labelled CIOCWAK JIMO.
   957 | D:2      | 957 ||| DRINKING 3 fizzy purple potions.
   958 | D:2      | 958 ||| READING 4 scrolls of identify.
   958 | D:2      | 958 ||| IDENTIFYING black potion
   959 | D:2      | 959 ||| READING 3 scrolls of identify.
   959 | D:2      | 959 ||| IDENTIFYING puce potion
   960 | D:2      | 960 ||| READING 2 scrolls of identify.
   960 | D:2      | 960 ||| IDENTIFYING green potion
   961 | D:2      | 961 ||| DROPPING 2 potions of attraction.
   962 | D:2      | 962 ||| DROPPING potion of magic.
   983 | D:3      | Noticed Ijyb
   984 | D:3      | 984 ||| FLEEEEING.
   985 | D:3      | 985 ||| STAIRDANCE
   999 | D:3      | 999 ||| STAIRDANCE
  1005 | D:2      | HP: 5/25 [Ijyb/puff of flame (7)]
  1006 | D:2      | Killed from afar by Ijyb

Levels and vault maps discovered:
D:1:      zelgadis_glass_arrival_small, layout_rooms, minivault_24
D:2:      minmay_alternating_diamond, layout_rooms,
          nicolae_ecumenical_snake_handling, minmay_small_reverse_x
D:3:      cheibrodos_greedy_goblins, layout_basic, uniq_ijyb

Skill      XL: |  1  2  3 |
---------------+----------+-----
Ranged Weapons | 6 7 |  7.6
Fighting       | |  1.5
Dodging        | |  2.4
Stealth        | |  1.2

Action                     |  1- 3 |  4- 6 || total
---------------------------+-------+-------++-------
   Fire: Shortbow          |    88 |    32 ||   120
    Use: Scroll            |     2 |     7 ||     9
         Potion            |       |     1 ||     1
 Armour: Leather armour    |     1 |       ||     1
         Ring mail         |     6 |     4 ||    10
  Dodge: Dodged            |    15 |     5 ||    20

Table legend:
 A = Non-vault XP
 B = Vault XP
 C = Vault XP percentage of total XP
 D = Non-vault monster count
 E = Vault monster count
 F = Vault count percentage of total count
                 A         B        C        D         E       F
            +---------+---------+-------+---------+---------+-------
      Total |      53 |      61 |  53.5 |      30 |      15 |  33.3
            +---------+---------+-------+---------+---------+-------
        D:1 |      30 |       0 |   0.0 |      18 |       0 |   0.0
        D:2 |      19 |      61 |  76.2 |      10 |      15 |  60.0
        D:3 |       4 |       0 |   0.0 |       2 |       0 |   0.0
            +---------+---------+-------+---------+---------+-------
